 Dungeon Crawl Stone Soup version bcrawl-1.37.2 (webtiles) character file.

Game seed: 12009090271802292061

376711 Mehrunes the Cleaver (level 11, -2/156 HPs)
             Began as a Deep Dwarf Fighter on Dec 13, 2022.
             Was an Initiate of Makhleb.
             Slain by a troll (5 damage)
             ... on level 9 of the Dungeon.
             The game lasted 00:22:56 (8499 turns).

Mehrunes the Cleaver (Deep Dwarf Fighter)           Turns: 8499, Time: 00:22:57

Health: -2/156     AC: 17    Str: 27    XL:     11   Next: 3%
Magic:  17/17      EV:  7    Int: 10    God:    Makhleb [......]
Gold:   663        SH:  5    Dex: 12    Spells: 10/10 levels left

rFire    . . .     GDR:     27% y - +0 battleaxe
rCold    + . .     SeeInvis .   (shield currently unavailable)
rNeg     . . .     Gourm    .   s - +0 plate armour
rPois    .         Faith    .   G - +2 helmet
rElec    .         Spirit   .   l - +0 cloak
rCorr    .         Reflect  +   d - +1 pair of gloves
MR       ++...                  (no boots)
Stlth    ..........             i - +5 amulet of reflection
HPRegen  0.00/turn              q - ring of protection from magic
MPRegen  0.15/turn              t - ring of protection from cold

@: mighty, berserking (expiring), swift, flying, non-regenerating, very quick
A: damage resistance, sense surroundings 2, no regeneration
a: Renounce Religion


You were on level 9 of the Dungeon.
You worshipped Makhleb.
Makhleb was noncommittal.
You were not hungry.

You visited 2 branches of the dungeon, and saw 10 of its levels.

You collected 663 gold pieces.

Inventory:

Hand Weapons
 a - a +0 war axe
 n - a +0 hunting sling
 y - a +0 battleaxe (weapon)
 D - a +0 dire flail
Armour
 c - a +0 medium shield
 d - a +1 pair of gloves (worn)
 l - a +0 cloak (worn)
 s - a +0 plate armour (worn)
 G - a +2 helmet (worn)
Jewellery
 i - a +5 amulet of reflection (around neck)
 q - a ring of protection from magic (left hand)
 r - an uncursed ring of positive energy
 t - a ring of protection from cold (right hand)
 C - an uncursed ring of resist corrosion
Wands
 E - a wand of flame (12)
 H - a wand of iceblast (7)
Scrolls
 b - 4 scrolls of fear
 f - 5 scrolls of teleportation
 h - 3 scrolls of immolation
 k - a scroll of amnesia
 o - 4 scrolls of remove curse
 p - 2 scrolls of enchant armour
 x - 3 scrolls of noise
 A - 3 scrolls of fog
Potions
 g - a potion of heal wounds {unknown}
 j - a potion of lignification {unknown}
 v - a potion of curing
 w - a potion of flight
Comestibles
 e - 16 rations {!d}


   Skills:
 + Level 8.9 Fighting
 * Level 14.3 Axes
 - Level 3.2 Armour
 - Level 3.2 Shields
 - Level 8.0 Invocations


You had 10 spell levels left.
You didn't know any spells.
Your spell library contained the following spells:

 Spells                   Type           Power        Failure   Level  Hunger
 Static Discharge         Air            #.....       99%         1    None
 Lightning Bolt           Conj/Air       #.......     100%        4    ######.
 Iskenderun's Battlesphe  Conj/Chrm      #.......     100%        5    #######
 Piercing Shot            Chrm           #.........   100%        5    #######
 Steam Barrier            Chrm/Fire      #.........   100%        5    #######
 Summon Lightning Spire   Summ/Air       #.......     100%        5    #######
 Conjure Ball Lightning   Conj/Air       #.........   100%        6    #######
 Chain Lightning          Conj/Air       #.........   100%        8    #######
 Time Stop                Chrm/Tloc      N/A          100%        8    #######


Dungeon Overview and Level Annotations

Branches:
Dungeon (9/12)             Temple (1/1) D:4            Lair (0/6) D:7
    Orc (0/1) D:9

Altars:
Ashenzari
Cheibriados
Dithmenos
Elyvilon
Fedhas
Gozag
Hepliaklqana
Kikubaaqudgha
Lugonu
Makhleb
Nemelex Xobeh
Okawaru
Qazlal
Ru
Sif Muna
Trog
Uskayaw
Vehumet
Wu Jian
Xom
Yredelemnul
Zin
The Shining One

Shops:
D:6 *

Annotations:
D:4 1 runed door
D:6 3 runed translucent doors, Mehrunes's ghost, novice DrCj


Innate Abilities, Weirdness & Mutations

You are resistant to damage.
You passively map the area around you.
You do not regenerate.


Message History

You block the cyan ugly thing's attack.
The meliai picks up 3 scrolls of identify.
You slash the cyan ugly thing!
The cyan ugly thing is heavily wounded.
The cyan ugly thing kicks you but does no damage.
The cyan ugly thing kicks you. The cyan ugly thing shocks you!
* * * LOW HITPOINT WARNING * * *
You open the cyan ugly thing like a pillowcase!!!
You kill the cyan ugly thing!
Makhleb accepts your kill.
The meliai changes into a raiju!
You have reached level 11!
Things that are here:
a +0 halberd; a +2 robe of cold resistance; an ogre corpse Elyvilon blocks your attack.
The raiju bursts into living lightning!
The living lightning misses you.
The raiju blinks!
The troll bites you but does no damage. The troll claws you but does no damage.
The troll claws you!
You die...

,**,**,,,**,,,**,,,**,#.....#.#.#
,*,**,*,,.#*,**,,,*,*#(#.........
,*,,*,,*,#.###,*,*,,#.)..........
,*,,*,,,**#...#**,,,#..#.........
,,**,*,***,....#*#,*..#...#......
,.**,**,*,#.....#.##......#......
..***,**,,,#.#...##.###...#...#..
.,**,,,*,*,,#%...#..,*#......###.
.,***,**,,,*,#..@##.###...##.#...
,,**,**,*,#...#T#)##......#<.#.#.
..**,*,**#..*..###.#.##..........
.#,,*,,,*#*...#*#...#..#.....#.#.
.#,,*,,*,#.###,#.#.h#..#.....#...
.#,**,*,,.**,*#...#.##†#.....#.#.
.#*,**,,,**,,,##...##.##...#*#...
#.#,**###,,*,*..#####.#.#..# #.##
##.#,,#..****###..#..#.##..##.#.#


You could see a troll and a raiju shaped shifter.

Vanquished Creatures
  An ogre mage (D:9)
  Erica (D:9)
  A two-headed ogre (D:7)
  A centaur warrior (D:9)
  An ugly thing (D:9)
  Grinder (D:5)
  5 humans (D:9)
  A yak (D:9)
  Eustachio (D:4)
  2 porcupines (D:7)
  4 orc warriors
  3 black bears
  5 sky beasts
  A necrophage (D:9)
  An ice beast (D:6)
  4 ogres
  5 bullfrogs
  3 centaurs
  3 scorpions
  A howler monkey (D:4)
  3 orc priests
  8 crimson imps
  2 hounds (D:8)
  A gnoll shaman (D:7)
  2 iguanas
  Terence (D:2)
  4 worker ants
  3 orc wizards
  2 hound skeletons
  Robin (D:4)
  A howler monkey zombie (D:7)
  A worker ant zombie (D:9)
  9 gnolls
  7 adders
  6 shadow imps
  An ooze (D:5)
  4 adder skeletons
  A worm (D:4)
  A dart slug (D:3)
  4 leopard geckos
  16 orcs
  8 bats
  A giant cockroach (D:2)
  13 goblins
  13 hobgoblins
  4 jackals
  5 kobolds
  5 quokkas
  A ball python (D:3)
  A jackal skeleton (D:4)
  7 rats
181 creatures vanquished.

Vanquished Creatures (others)
  8 fungi (D:7)
  4 plants (D:7)
12 creatures vanquished.

Grand Total: 193 creatures vanquished

Notes
Turn   | Place    | Note
-------+----------+-------------------------------------------
     0 | D:1      | Mehrunes the Deep Dwarf Fighter began the quest for the
                  | Orb.
     0 | D:1      | Reached XP level 1. HP: 21/21 MP: 1/1
   160 | D:1      | Reached skill level 3 in Axes
   171 | D:1      | Reached XP level 2. HP: 25/28 MP: 2/2
   557 | D:1      | Reached ** piety under Elyvilon
   719 | D:2      | Reached XP level 3. HP: 33/34 MP: 3/3
   784 | D:2      | Reached skill level 1 in Invocations
   834 | D:2      | Found a glowing silver altar of Zin.
   931 | D:2      | Noticed Terence
   956 | D:2      | Killed Terence
   957 | D:2      | Reached skill level 4 in Axes
  1166 | D:2      | Reached XP level 4. HP: 39/42 MP: 5/5
  1546 | D:3      | Reached XP level 5. HP: 41/49 MP: 7/7
  1554 | D:3      | Reached *** piety under Elyvilon
  1574 | D:3      | Reached skill level 5 in Axes
  1765 | D:3      | Found a faded altar of an unknown god.
  2087 | D:4      | Reached XP level 6. HP: 51/56 MP: 9/9
  2097 | D:4      | Reached skill level 5 in Invocations
  2168 | D:4      | Noticed Eustachio
  2181 | D:4      | Noticed a sky beast
  2194 | D:4      | Killed a sky beast
  2195 | D:4      | Reached skill level 6 in Axes
  2205 | D:4      | Killed Eustachio
  2206 | D:4      | Reached XP level 7. HP: 34/62 MP: 11/11
  2442 | D:4      | Reached skill level 7 in Axes
  2483 | D:4      | Found a staircase to the Ecumenical Temple.
  2793 | D:4      | Found a sparkling altar of Nemelex Xobeh.
  2854 | D:4      | Found a runed door.
  2915 | D:4      | Noticed Robin
  2925 | D:4      | Killed Robin
  3137 | Temple   | Entered the Ecumenical Temple
  3489 | D:4      | Reached XP level 8. HP: 37/69 MP: 12/14
  3529 | D:5      | Entered Level 5 of the Dungeon
  3679 | D:5      | Reached **** piety under Elyvilon
  3943 | D:5      | Reached skill level 8 in Axes
  3996 | D:5      | Noticed Grinder
  4009 | D:5      | Killed Grinder
  4014 | D:5      | Reached skill level 9 in Axes
  4294 | D:6      | Noticed Mehrunes's ghost (novice DrCj)
  4296 | D:6      | Noticed a centaur warrior
  4492 | D:6      | Found Ynkumi's Assorted Antiques.
  4553 | D:6      | Found a blossoming altar of Fedhas.
  4635 | D:6      | Found a runed translucent gate.
  4635 | D:6      | Found a runed translucent gate.
  4636 | D:6      | Found a runed translucent gate.
  4693 | D:6      | Reached skill level 5 in Fighting
  4693 | D:6      | Reached skill level 10 in Axes
  4826 | D:7      | Gained mutation: You passively map the area around you.
                  | [Deep Dwarf growth]
  4826 | D:7      | Reached XP level 9. HP: 63/81 MP: 15/15
  5312 | D:7      | Noticed a two-headed ogre
  5566 | D:7      | Reached skill level 11 in Axes
  5587 | D:7      | Found a staircase to the Lair.
  5873 | D:7      | Noticed a troll
  5888 | D:7      | Pacified a troll
  6318 | D:7      | Found an ornate altar of the Wu Jian Council.
  6660 | D:7      | Killed a two-headed ogre
  6661 | D:7      | Reached skill level 12 in Axes
  6917 | D:8      | Noticed a troll
  6918 | D:8      | Pacified a troll
  6939 | D:7      | Reached XP level 10. HP: 56/94 MP: 16/16
  7822 | D:9      | Noticed a centaur warrior
  7845 | D:9      | Killed a centaur warrior
  7884 | D:9      | Found a bloodstained altar of Trog.
  7899 | D:9      | Reached skill level 13 in Axes
  7999 | D:9      | Noticed Erica
  8032 | D:9      | Killed Erica
  8196 | D:9      | Found a stormy altar of Qazlal.
  8196 | D:9      | Found an ancient bone altar of Kikubaaqudgha.
  8201 | D:9      | Found a shadowy altar of Dithmenos.
  8206 | D:9      | Found a burning altar of Makhleb.
  8211 | D:9      | Fell from the grace of Elyvilon
  8211 | D:9      | Became a worshipper of Makhleb the Destroyer
  8220 | D:9      | Found a sacrificial altar of Ru.
  8312 | D:9      | Found an opulent altar of Gozag.
  8460 | D:9      | Noticed an ogre mage
  8465 | D:9      | Noticed a cyan ugly thing
  8491 | D:9      | Killed an ogre mage
  8492 | D:9      | Reached skill level 14 in Axes
  8495 | D:9      | HP: 3/147 [cyan ugly thing (15)]
  8496 | D:9      | Killed a cyan ugly thing
  8497 | D:9      | Reached XP level 11. HP: 3/104 MP: 17/17
  8499 | D:9      | Slain by a troll

Skill      XL: |  1  2  3  4  5  6  7  8  9 10 |
---------------+-------------------------------+-----
Axes           | 3 4 5 6 7 10 12 14 | 14.3
Invocations    | 2 3 4 6 8 |  8.0
Fighting       | 5 7 8 |  8.9
Armour         | |  3.2
Shields        | |  3.2

Action                   |  1- 3 |  4- 6 |  7- 9 | 10-12 || total
-------------------------+-------+-------+-------+-------++-------
Melee: War axe           |   110 |   145 |   381 |    36 ||   672
       Battleaxe         |       |       |       |   171 ||   171
Invok: Lesser Healing    |     2 |     3 |    36 |    23 ||    64
       Heal Other        |       |       |     6 |       ||     6
       Greater Healing   |       |       |     2 |       ||     2
Evoke: Wand              |       |       |    14 |       ||    14
  Use: Scroll            |       |     2 |     7 |     3 ||    12
       Potion            |       |     1 |       |     4 ||     5
 Stab: Paralysed         |       |       |     8 |       ||     8
  Eat: Chunk             |     5 |     7 |    22 |     8 ||    42
       Ration            |       |       |     3 |     2 ||     5
Armor: Scale mail        |    53 |       |       |       ||    53
       Plate armour      |     4 |   173 |   216 |   117 ||   510
Dodge: Dodged            |    70 |    64 |    84 |    43 ||   261
Block: Other             |       |       |    45 |    37 ||    82
       Reflection        |       |       |       |     4 ||     4
